 Dungeon Crawl Stone Soup version 0.31.0-11-ge490571c62 (console) character file.

Game seed: 8657138402418487874

2 zenocrate the Sneak (level 1, 0/14 HPs)
             Began as a Kobold Delver on Feb 8, 2024.
             Killed from afar by an orc wizard (6 damage)
             ... with a puff of flame
             ... on level 4 of the Dungeon.
             The game lasted 00:00:56 (112 turns).

zenocrate the Sneak (Kobold Delver)                  Turns: 112, Time: 00:00:56

Health: 0/14       AC:  3    Str:  9    XL:     1   Next: 33%
Magic:  1/1        EV: 14    Int: 11    God:
Gold:   0          SH:  0    Dex: 16    Spells: 0/0 levels left

rFire   . . .        a - +0 short sword
rCold   . . .        (no shield)
rNeg    . . .        b - +0 leather armour
rPois   .            (no helmet)
rElec   .            (no cloak)
rCorr   .            (no gloves)
SInv    .            (no boots)
Will    .....        (no amulet)
Stlth   ++           (no ring)
HPRegen 0.22/turn    (no ring)
MPRegen 0.07/turn

%: no passive effects
@: confused, hasted, very quick
A: small, no large weapons, nightstalker 3
a: no special abilities


You were on level 4 of the Dungeon.
You visited 1 branch of the dungeon, and saw 2 of its levels.

Inventory:

Hand Weapons
 a - a +0 short sword (weapon)
Armour
 b - a +0 leather armour (worn)
Jewellery
 h - an amulet of guardian spirit
Wands
 g - a wand of digging (3)
Scrolls
 c - a scroll of fog
 d - 2 scrolls of revelation


   Skills:
 - Level 3.2 Fighting
 + Level 2.8 Short Blades
 + Level 2.5 Dodging
 + Level 6.6 Stealth


You couldn't memorise any spells.
You didn't know any spells.
Your spell library was empty.

Dungeon Overview and Level Annotations

Branches:
Dungeon (5/15)
 Temple: D:4-7

Altars:


Innate Abilities, Weirdness & Mutations

You are small and have problems with some larger weapons.
You are completely attuned to the shadows.


Message History

You are too injured to fight recklessly!
Unknown command.
You feel yourself speed up. The orc wizard misses you.
You bump into the rock wall.
The orc wizard closely misses you.
Unknown command.
You bump into the rock wall.
The orc wizard closely misses you.
Unknown command.
Unknown command.
You're too confused to move!
Unknown command.
Unknown command.
Unknown command.
You aren't carrying any potions.
Unknown command.
The orc wizard points at you and mumbles some strange words.
The magic dart hits you.
* * * LOW HITPOINT WARNING * * *
Unknown command.
You bump into the rock wall.
You feel less confused.
Unknown command.
As you read the scroll of fear, it crumbles to dust.
You assume a fearsome visage.
The orc wizard looks frightened!
The orc priest looks frightened!
The orc wizard mumbles some strange words.
The orc wizard flickers and vanishes!
Deactivating autopickup; reactivate with Ctrl-A.
You hear some strange, mumbled words.
You are confused.
Something hits you.
You're too confused to move!
You hear some strange, mumbled words.
Something tries to affect you, but you resist.
Unknown command.
You miss something.
Unknown command.
You closely miss something.
You hear some strange, mumbled words.
A puff of flame appears from out of thin air!
The puff of flame hits you.
You die...

#.#.........# #
#######...###
#...#...#
#.#...#.#
#.##.##.# #.
#.##.....
#.#####.##.#...
#..........#.#.
#.#.....#...#.
#..{#.....#...
##@###...###.#
#..#.....#..##
##...#.#......
##....##.###
#....##...##
..#..#..#..#
.###...###.#
..#..#..#..#
#...##....##
###. #.#### #.
#)#


There were no monsters in sight!

Vanquished Creatures
  An orc (D:4)
1 creature vanquished.

Notes
Turn   | Place    | Note
-------+----------+-------------------------------------------
     0 | D:5      | zenocrate the Kobold Delver began the quest for the Orb.
     0 | D:5      | Reached XP level 1. HP: 14/14 MP: 1/1
    68 | D:4      | Noticed an orc wizard
    68 | D:4      | Noticed an orc priest
   112 | D:4      | Killed from afar by an orc wizard

Illustrated notes

Levels and vault maps discovered:
D:4:      layout_loops_ring, minmay_temple_entry_from_below_a, serial_shops,
          nicolae_shop_statue_plus, dk_noncrumbling_4, nrook_mini_backslash,
          minmay_strange_pillars, uniq_eustachio, uniq_sigmund
D:5:      layout_basic, nicolae_hepliaklqana_monster_ancestors,
          overflow_temple_1_default, gammafunk_ghost_mausoleum,
          minmay_misc_feat_plants, minmay_manual_mess

Action                     || total
---------------------------++-------
  Melee: Short sword       ||     3
    Use: Scroll            ||     1
         Potion            ||     1
   Stab: Sleeping          ||     1
 Armour: Leather armour    ||     4
  Dodge: Dodged            ||     3
